 Dungeon Crawl Stone Soup version 0.20.1-1-g8b1a95d (webtiles) character file.

2733 OfficerJojo the Digger (level 9, -5/52 HPs)
             Began as a Gargoyle Earth Elementalist on July 3, 2017.
             Slain by a troll (9 damage)
             ... on level 10 of the Dungeon.
             The game lasted 00:20:02 (6448 turns).

OfficerJojo the Digger (GrEE)                       Turns: 6448, Time: 00:20:03

Health: -5/52      AC: 14    Str: 16    XL:     9   Next: 67%
Magic:  3/17       EV: 13    Int: 17    God:
Gold:   223        SH:  0    Dex: 10    Spells: 10/19 levels left

rFire    . . .     SeeInvis .   g - +0 dagger
rCold    + . .     Gourm    .   (no shield)
rNeg     + . .     Faith    .   c - +0 robe
rPois    ∞         Spirit   .   (no helmet)
rElec    +         Reflect  .   (no cloak)
rCorr    .         Harm     .   D - +2 pair of gloves
MR       .....                  B - +2 pair of boots
Stlth    ++........             (no amulet)
Regen    0.2/turn               i - ring of wizardry
MPRegen  0.2/turn               w - ring of protection from cold

@: no status effects
A: dopey 1, negative energy resistance 1, electricity resistance, strong 2,
unbreathing, petrification resistance, no potion heal 1, rot immunity,
MP-powered wands, sturdy frame 2, AC +5
a: no special abilities


You were on level 10 of the Dungeon.
You were not hungry.

You visited 1 branch of the dungeon, and saw 8 of its levels.

You collected 433 gold pieces.
You spent 210 gold pieces at shops.

Inventory:

Hand Weapons
 g - a +0 dagger (weapon)
 Q - a +3 mace of freezing
 R - a +1 mace
Missiles
 b - 134 stones (quivered)
Armour
 c - a +0 robe (worn)
 j - a cursed +0 scale mail
 r - a +0 buckler
 B - a +2 pair of boots (worn)
 D - a +2 pair of gloves (worn)
Jewellery
 i - a ring of wizardry (left hand)
 l - an uncursed ring of see invisible
 p - an uncursed amulet of harm {unknown}
 w - a ring of protection from cold (right hand)
Wands
 A - a wand of paralysis (17/24)
 F - a wand of paralysis (13/24)
 K - a wand of disintegration (21/24)
 M - a wand of flame (33/48)
 N - a wand of iceblast (4/15)
 O - a wand of confusion (27/48)
Scrolls
 f - 2 scrolls of enchant armour {unknown}
 h - a scroll of recharging {unknown}
 k - 3 scrolls of blinking {unknown}
 o - 9 scrolls of teleportation
 u - 3 scrolls of enchant weapon {unknown}
 v - a scroll of random uselessness {unknown}
 x - 3 scrolls of amnesia {unknown}
 y - 2 scrolls of magic mapping {unknown}
 E - 4 scrolls of remove curse {unknown}
 H - a scroll of acquirement {unknown}
 J - a scroll of noise {unknown}
 P - 3 scrolls of identify
Potions
 a - 6 potions of agility
 m - 2 potions of curing
 s - a potion of brilliance {unknown}
 t - a potion of ambrosia {unknown}
 C - a potion of might {unknown}
 G - 2 potions of resistance {unknown}
 I - 2 potions of cancellation {unknown}
 L - a potion of haste {unknown}
Books
 e - a book of Geomancy

   Spells                             Type                      Level
   a - Sandblast                      Earth                        1
   b - Passwall                       Transmutation/Earth          2
   c - Stone Arrow                    Conjuration/Earth            3
   d - Petrify                        Transmutation/Earth          4
   e - Lee's Rapid Deconstruction     Earth                        5
 z - a book of Misfortune

   Spells                             Type                      Level
   a - Confusing Touch                Hexes                        1
   b - Confuse                        Hexes                        3
   c - Gell's Gravitas                Translocation                3
   d - Petrify                        Transmutation/Earth          4
   e - Metabolic Englaciation         Hexes/Ice                    5
   f - Yara's Violent Unravelling     Hexes/Transmutation          5
Comestibles
 d - 8 bread rations
 n - 4 fruits
 q - 5 meat rations
 S - 4 chunks of flesh


   Skills:
 + Level 3.9 Fighting
 + Level 4.2 Armour
 + Level 3.3 Dodging
 - Level 2.1 Stealth
 + Level 4.1 Shields
 + Level 5.6 Spellcasting
 + Level 5.3 Conjurations
   Level 0.7 Transmutations
 + Level 7.6 Earth Magic
 + Level 3.3 Evocations


You had 10 spell levels left.
You knew the following spells:

 Your Spells              Type           Power        Failure   Level  Hunger
a - Sandblast             Erth           ####..       1%          1    None
b - Stone Arrow           Conj/Erth      ####..       1%          3    ##.....
c - Lee's Rapid Deconstr  Erth           ####......   6%          5    ######.


Dungeon Overview and Level Annotations

Branches:
Dungeon (10/15)
 Temple: D:4-7         Lair: D:8-11         Orc: D:9-12

Altars:
Cheibriados
Ru

Shops:
D:8 *!}


Innate Abilities, Weirdness & Mutations

You are resistant to torment.
Your stone body is resilient. (AC +5)
You are immune to poison.
You resist negative energy. (rN+)
You are resistant to electric shocks. (rElec)
You can survive without breathing.
You are immune to petrification.
You are immune to rotting.
You are dopey. (Int -2)
Your muscles are very strong. (Str +4)
Potions are less effective at restoring your health.
You expend magic power (3 MP) to strengthen your wands.
Your movements are less encumbered by armour. (ER -4)


Message History

Aiming: Sandblast
Press: ? - help, Shift-Dir - straight line, f/p - troll
Aim: a troll (moderately wounded)
The blast of sand hits the troll.
The troll is moderately wounded.
b - 134 stones The troll barely misses you.
The troll claws you but does no damage. The troll misses you.
The troll closely misses you. The troll claws you!
* * * LOW HITPOINT WARNING * * *
The troll completely misses you.
Unknown command.
That item cannot be evoked!
Okay, then.
It was a potion of curing.
Your system partially rejects the healing.
You feel better. The troll bites you!
* * * LOW HITPOINT WARNING * * *
The troll claws you!
You die...

.# ############ .#
#...).)....# .#
#.########.#
#########.# #.#
.........<#### #.#
#####........# #.# #
#.####.#.### #.# #
#.##...#...###.### #
#.##.#####..@T...#
#####......#...###W#.#
##....####.#.### #...#
#.....# #...# #..##
#.....# ###.# #..#
#.....# #.# ##.#
##....# #.# #.#
###.#.#
#........†....# #
#.#.# #....?......#...


You could see a troll and a phantom.

Vanquished Creatures
  A troll (D:10)
  A hippogriff (D:9)
  A hungry ghost (D:8)
  An orc warrior (D:10)
  4 sky beasts
  2 phantoms
  An eye of draining (D:9)
  3 ogres
  2 centaurs
  A bullfrog (D:9)
  2 scorpions (D:9)
  3 killer bees (D:9)
  A howler monkey (D:4)
  4 wights (D:10)
  2 crimson imps
  A bullfrog zombie (D:8)
  A centaur zombie (D:9)
  A hound (D:10)
  2 orc priests
  3 orc wizards
  Ijyb (D:3)
  3 worker ants
  A killer bee zombie (D:9)
  5 adders
  An ooze (D:4)
  An adder skeleton (D:9)
  3 worms
  4 dart slugs
  2 leopard geckos (D:1)
  11 orcs
  2 ball pythons
  6 bats
  6 giant cockroaches
  6 goblins
  9 hobgoblins
  8 jackals
  8 kobolds
  2 quokkas
  2 frilled lizards
  A quokka skeleton (D:4)
  4 rats
123 creatures vanquished.

Notes
Turn   | Place    | Note
-------+----------+-------------------------------------------
     0 | D:1      | OfficerJojo the Gargoyle Earth Elementalist began the quest for the Orb.
     0 | D:1      | Reached XP level 1. HP: 10/10 MP: 3/3
   157 | D:1      | Reached XP level 2. HP: 15/15 MP: 3/5
   173 | D:1      | Reached skill level 4 in Earth Magic
   479 | D:1      | Reached XP level 3. HP: 19/19 MP: 4/7
   484 | D:1      | Learned a level 3 spell: Stone Arrow
  1011 | D:2      | Found a sacrificial altar of Ru.
  1261 | D:3      | Reached XP level 4. HP: 24/24 MP: 6/8
  1288 | D:3      | Found a snail-covered altar of Cheibriados.
  1432 | D:3      | Reached skill level 1 in Conjurations
  1432 | D:3      | Reached skill level 5 in Earth Magic
  1458 | D:3      | Reached XP level 5. HP: 11/28 MP: 0/10
  1465 | D:3      | Learned a level 5 spell: Lee's Rapid Deconstruction
  1655 | D:3      | You fall through a shaft!
  1655 | D:4      | Noticed an ogre
  1665 | D:4      | Killed an ogre
  1731 | D:4      | Noticed a phantom
  1740 | D:4      | Reached XP level 6. HP: 32/32 MP: 2/11
  1755 | D:5      | Entered Level 5 of the Dungeon
  2238 | D:3      | Noticed Ijyb
  2246 | D:3      | Killed Ijyb
  3090 | D:4      | Killed a phantom
  3090 | D:4      | Reached skill level 6 in Earth Magic
  3090 | D:4      | Reached XP level 7. HP: 35/36 MP: 0/13
  3514 | D:5      | You fall through a shaft for 3 floors!
  3525 | D:8      | Reached skill level 1 in Armour
  3641 | D:8      | Reached skill level 1 in Shields
  3786 | D:8      | Found Apada's Gadget Shop.
  3794 | D:8      | Bought a wand of flame (33/48) for 210 gold pieces
  3851 | D:8      | Reached skill level 1 in Evocations
  3873 | D:8      | Reached skill level 1 in Fighting
  4003 | D:8      | Reached XP level 8. HP: 43/43 MP: 7/15
  4129 | D:8      | Found Ulilaami's General Store.
  4143 | D:8      | Found Omakik's Distillery.
  4599 | D:9      | Gained mutation: Potions are less effective at restoring your health. [mutagenic meat]
  4600 | D:9      | Gained mutation: You are dopey. (Int -2) [mutagenic meat]
  4601 | D:9      | Gained mutation: You expend magic power (3 MP) to strengthen your wands. [mutagenic meat]
  4602 | D:9      | Gained mutation: Your muscles are strong. (Str +2) [mutagenic meat]
  4730 | D:9      | Reached skill level 5 in Spellcasting
  4845 | D:9      | Reached skill level 7 in Earth Magic
  5253 | D:9      | Reached XP level 9. HP: 18/51 MP: 0/16
  5932 | D:10     | Entered Level 10 of the Dungeon
  6025 | D:10     | Reached skill level 5 in Conjurations
  6133 | D:10     | Gained mutation: Your movements are slightly less encumbered by armour. (ER -2) [mutagenic meat]
  6134 | D:10     | Gained mutation: Your muscles are very strong. (Str +4) [mutagenic meat]
  6135 | D:10     | Gained mutation: Your movements are less encumbered by armour. (ER -4) [mutagenic meat]
  6430 | D:10     | Noticed a troll
  6430 | D:10     | Noticed a troll
  6437 | D:10     | Killed a troll
  6448 | D:10     | Slain by a troll

Skill      XL: |  1  2  3  4  5  6  7  8  9 |
---------------+----------------------------+-----
Earth Magic    | 4 5 6 7 |  7.6
Spellcasting   | 3 4 5 |  5.6
Conjurations   | 1 2 3 4 5 |  5.3
Armour         | 1 3 4 |  4.2
Shields        | 1 3 4 |  4.1
Evocations     | 1 2 3 |  3.3
Fighting       | 1 3 |  3.9
Dodging        | 2 3 |  3.3
Stealth        | |  2.1
Transmutations | |  0.7

Action                   |  1- 3 |  4- 6 |  7- 9 || total
-------------------------+-------+-------+-------++-------
Melee: Dagger            |     9 |    41 |    99 ||   149
       Staff             |       |     1 |    34 ||    35
 Cast: Sandblast         |    45 |    60 |    96 ||   201
       Stone Arrow       |       |     8 |    43 ||    51
       Lee's Rapid Decon |       |       |     1 ||     1
  Use: Scroll            |       |     2 |     2 ||     4
       Potion            |       |       |     1 ||     1
 Stab: Sleeping          |       |     1 |       ||     1
  Eat: Chunk             |     1 |     6 |    16 ||    23
       Meat ration       |       |       |     3 ||     3
       Royal jelly       |       |       |     2 ||     2
Armor: Robe              |    12 |    18 |   101 ||   131
Dodge: Dodged            |    19 |    46 |   140 ||   205
